 Dungeon Crawl Stone Soup version 0.30.0-5-g1a98f26d00 (webtiles) character file.

Game seed: 11682897903264064371

115 monsoonserge the Ducker (level 4, -2/28 HPs)
             Began as a Deep Elf Monk on May 11, 2023.
             Killed from afar by a steam dragon (12 damage)
             ... with a ball of steam
             ... on level 7 of the Dungeon.
             The game lasted 00:10:11 (2523 turns).

monsoonserge the Ducker (Deep Elf Monk)             Turns: 2523, Time: 00:10:13

Health: -2/28      AC:  5    Str:  7    XL:     4   Next: 68%
Magic:  6/7        EV: 12    Int: 21    God:
Gold:   150        SH:  0    Dex: 14    Spells: 3/5 levels left

rFire   . . .        u - +2 falchion (heavy)
rCold   . . .        d - orb {light}
rNeg    . . .        k - +0 leather armour
rPois   .            (no helmet)
rElec   .            (no cloak)
rCorr   .            (no gloves)
SInv    +            (no boots)
Will    .....        f - amulet of regeneration
Stlth   +            e - ring of wizardry
HPRegen 1.04/turn    x - ring of see invisible
MPRegen 0.10/turn

%: wizardry (x1)
@: mighty, brilliant, attractive, glowing
A: iridescent scales 1, clever 1, clumsy 1
a: no special abilities


You were on level 7 of the Dungeon.
You visited 1 branch of the dungeon, and saw 6 of its levels.

You collected 150 gold pieces.

Inventory:

Hand Weapons
 a - a +0 short sword
 p - a +0 sling
 u - a +2 heavy falchion (weapon)
 y - a +2 dagger of venom
Missiles
 h - 8 boomerangs (quivered)
 w - 5 poisoned darts
Armour
 d - an orb of light (worn)
 k - a +0 leather armour (worn)
Jewellery
 e - a ring of wizardry (left hand)
 f - an amulet of regeneration (around neck)
 x - a ring of see invisible (right hand)
Scrolls
 i - 3 scrolls of identify {unknown}
 j - 3 scrolls of teleportation {unknown}
 l - a scroll of blinking {unknown}
 m - 2 scrolls of poison {unknown}
 n - 3 scrolls of fear {unknown}
 o - a scroll of magic mapping {unknown}
 s - a scroll of silence {unknown}
 z - a scroll of brand weapon {unknown}
Potions
 b - 2 potions of curing
 c - a potion of ambrosia
 g - 3 potions of might
 q - a potion of brilliance
 r - a potion of attraction
 t - a potion of berserk rage {unknown}
 v - a potion of mutation


   Skills:
 + Level 3.0 Fighting
 + Level 3.8(3.9) Short Blades
 + Level 0.6(2.2) Long Blades
 + Level 0.7 Throwing
 * Level 1.1 Armour
 + Level 4.2 Dodging
 + Level 0.1 Stealth
 - Level 1.0 Spellcasting
 * Level 0.3 Translocations


You had 3 spell levels left.
You knew the following spells:

 Your Spells              Type           Power      Damage    Failure   Level
a - Blink                 Tloc           6%         N/A       13%         2

Your spell library contained the following spells:

 Spells                   Type           Power      Damage    Failure   Level
 Manifold Assault         Tloc           3%         N/A       61%         4
 Storm Form               Tmut/Air       0%         N/A       100%        7


Dungeon Overview and Level Annotations

Branches:
Dungeon (7/15)
 Temple: D:4-7

Altars:


Innate Abilities, Weirdness & Mutations

You are partially covered in iridescent scales. (AC +2)
Your mind is acute. (Int +4, Str/Dex -1)
You are clumsy. (Dex -2)


Message History

You fall into a shaft and drop 2 floors!
The shaft crumbles and collapses.
Found 18 gold pieces and a scroll labelled BUTYOZXEFA.
Found a stone staircase leading up.
A shadow imp and a steam dragon come into view.
The shadow imp shouts, "Flee, thou wayward mumble-news bugbear!"
The shadow imp barely misses you.
The shadow imp attacks as you move away!
The shadow imp barely misses you.
You slash the shadow imp!
You kill the shadow imp!
You aren't carrying any items that you can evoke.
The steam dragon breathes steam at you. The ball of steam hits you!!
Ouch! That really hurt!
You hear a shout!
It was a potion of brilliance.
You feel clever all of a sudden. The steam dragon misses you.
The steam dragon closely misses you.
It was a potion of attraction.
You feel attractive to monsters.
The steam dragon bites you but does no damage.
The steam dragon barely misses you.
It was a potion of mutation.
You feel extremely strange.
You feel clumsy.
You feel clever.
Iridescent scales grow over part of your body.
The steam dragon bites you. The steam dragon barely misses you.
It was a potion of might.
You feel very mighty all of a sudden. The steam dragon bites you.
* * * LOW HITPOINT WARNING * * *
The steam dragon misses you.
You slash the steam dragon!
The steam dragon is moderately wounded.
The steam dragon bites you but does no damage.
The steam dragon claws you but does no damage.
An ogre comes into view. It is wielding a +0 giant spiked club.
The steam dragon breathes steam at you. The ball of steam hits you!
You die...

. .# ###
#.## #.#
#.#.# #
.......<.
#.##.#.#.#.#
#§#.........
#§§#@#.#.#.#
#..D......
##.#.#.#.#
#.....$...
##.#.#.#.#
#...?.....
..#O#.#.#.#
###.........
#.# #.#.#


You could see a steam dragon (catching breath) and an ogre.

Vanquished Creatures
  3 adders
  A shadow imp (D:7)
  2 dart slugs
  A worm (D:2)
  6 orcs
  3 endoplasms
  2 giant cockroaches
  9 goblins
  10 hobgoblins
  3 jackals (D:1)
  2 quokkas
  3 ball pythons
  4 bats
  5 frilled lizards
  5 kobolds
  5 rats
64 creatures vanquished.

Notes
Turn   | Place    | Note
-------+----------+-------------------------------------------
     0 | D:1      | monsoonserge the Deep Elf Monk began the quest for the Orb.
     0 | D:1      | Reached XP level 1. HP: 13/13 MP: 3/3
   141 | D:1      | Reached XP level 2. HP: 18/18 MP: 4/4
   264 | D:1      | Reached skill level 4 in Dodging
   724 | D:2      | Reached XP level 3. HP: 22/22 MP: 5/5
  1515 | D:3      | Learned a level 2 spell: Blink
  1733 | D:3      | Found a faded altar of an unknown god.
  1774 | D:3      | Reached XP level 4. HP: 17/27 MP: 6/6
  1862 | D:3      | Reached skill level 1 in Armour
  2342 | D:4      | Reached skill level 1 in Spellcasting
  2452 | D:4      | Noticed a lemure
  2452 | D:4      | Noticed a lemure
  2453 | D:4      | Noticed a lemure
  2480 | D:5      | Entered Level 5 of the Dungeon
  2512 | D:5      | You fall into a shaft and drop 2 floors!
  2513 | D:7      | Noticed a steam dragon
  2521 | D:7      | Gained mutation: You are clumsy. (Dex -2) [potion of
                  | mutation]
  2521 | D:7      | Gained mutation: Your mind is acute. (Int +4, Str/Dex -1)
                  | [potion of mutation]
  2521 | D:7      | Gained mutation: You are partially covered in iridescent
                  | scales. (AC +2) [potion of mutation]
  2523 | D:7      | Noticed an ogre
  2523 | D:7      | Killed from afar by a steam dragon

Illustrated notes

Levels and vault maps discovered:
D:1:      wander_arrival_lonely_grave, layout_loops_ring
D:2:      layout_loops_ring, minmay_goblin_outpost
D:3:      layout_loops_cross, chequers_ecumenical_altar_twisty,
          minmay_door_square
D:4:      layout_loops_cross, mainiacjoe_overflow_alcove_2,
          mainiacjoe_overflow_alcove_4, st_stairs_8, grunt_ministairs_1,
          hex_tiny, uniq_pikel, uniq_crazy_yiuf_cottage
D:5:      kennysheep_six_static_rooms, layout_basic,
          minmay_temple_entry_large_hall, st_stairs_12,
          kennysheep_cross_bottleneck, minivault_11, minmay_puff
D:7:      layout_loops_ring, hellmonk_okawaru_the_only_friend_you_need,
          kennysheep_decorative_pillar, st_stairs_11

Skill      XL: |  1  2  3  4 |
---------------+-------------+-----
Dodging        | 4 |  4.2
Armour         | 1 |  1.1
Spellcasting   | 1 |  1.0
Fighting       | 3 |  3.0
Short Blades   | |  3.8
Long Blades    | |  0.6
Throwing       | |  0.7
Stealth        | |  0.1
Translocations | |  0.3

Action                     |  1- 3 |  4- 6 || total
---------------------------+-------+-------++-------
  Melee: Short sword       |   160 |    13 ||   173
         Falchion          |       |    35 ||    35
  Throw: Boomerang         |    31 |    21 ||    52
   Cast: Blink             |       |     6 ||     6
    Use: Potion            |       |     4 ||     4
 Armour: Robe              |     6 |       ||     6
         Leather armour    |    20 |    12 ||    32
  Dodge: Dodged            |    95 |    40 ||   135
